 Dungeon Crawl Stone Soup version 0.20.1-1-g8b1a95d (webtiles) character file.

83511 Jail the Basher (level 15, -4/158 HPs)
             Began as a Troll Berserker on Sept 9, 2017.
             Was a Priest of Trog.
             Slain by a tyrant leech (23 damage)
             ... while paralysed
             ... on level 6 of the Lair of Beasts.
             The game lasted 02:16:33 (26271 turns).

Jail the Basher (Troll Berserker)                  Turns: 26271, Time: 02:16:33

Health: -4/158     AC: 17    Str: 29    XL:     15   Next: 32%
Magic:  12/12      EV:  1    Int:  4    God:    Trog [***...]
Gold:   908        SH:  0    Dex: 16    Spells: 14/14 levels left

rFire    + . .     SeeInvis .   Y - +1 whip of Indignation {freeze, Dex+7}
rCold    . . .     Gourm    +   m - +10 large shield of Ignorance {rN+ Int-4}
rNeg     + . .     Faith    .   A - +0 acid dragon scales
rPois    .         Spirit   .   l - +2 hat
rElec    .         Reflect  .   o - +1 cloak {rF+}
rCorr    +         Harm     .   (gloves unavailable)
MR       +....                  (boots unavailable)
Stlth    ++........             (no amulet)
Regen    0.8/turn               h - +2 ring of strength
MPRegen  0.2/turn               w - ring of stealth

@: paralysed, very slightly contaminated, fainting, studying Dodging, invisible,
very slow
A: unfitting armour, claws 3, yellow scales 1, fast metabolism 3, gourmand, low
mp 1, regeneration 1, shaggy fur 1, tough skin 2, weak 1, no potion heal 1,
subdued magic 1
a: Berserk, Trog's Hand, Burn Spellbooks, Renounce Religion


You were on level 6 of the Lair of Beasts.
You worshipped Trog.
Trog was most pleased with you.
You were fainting.

You visited 3 branches of the dungeon, and saw 22 of its levels.
You also visited: Trove, Bailey and Volcano.

You collected 1000 gold pieces.
You spent 92 gold pieces at shops.

Inventory:

Hand Weapons
 s - a +4 whip
 D - a +0 giant spiked club
 Y - the +1 whip of Indignation (weapon) {freeze, Dex+7}
   (You found it on level 5 of the Lair of Beasts)

   It has been specially enchanted to freeze those struck by it, causing extra
   injury to most foes and up to half again as much damage against particularly
   susceptible opponents.
   It can also slow down cold-blooded creatures.
   It affects your dexterity (+7).
Missiles
 i - 16 javelins
 J - 4 tomahawks of returning
 W - 13 large rocks (quivered)
Armour
 l - a +2 hat (worn)
 m - the +10 large shield of Ignorance (worn) {rN+ Int-4}
   (You acquired it on level 7 of the Dungeon)

   It affects your intelligence (-4).
   It protects you from negative energy.
 o - a +1 cloak of fire resistance (worn)
 A - +0 acid dragon scales (worn)
 I - the +1 robe of Anaesthesia {rN+ Str+2 Stlth+}
   (You found it on level 5 of the Lair of Beasts)

   It affects your strength (+2).
   It protects you from negative energy.
   It makes you more stealthy.
 M - a +0 troll leather armour
Jewellery
 h - a +2 ring of strength (left claw)
 w - a ring of stealth (right claw)
 x - an uncursed ring of flight
 V - an uncursed amulet of harm
Wands
 a - a wand of iceblast (9/15)
 d - a wand of random effects (31/48)
 e - a wand of flame (18/48)
 k - a wand of lightning (5/15)
 n - a wand of acid (8/15)
 y - a wand of confusion (22/48)
 L - a wand of lightning (2/15)
 O - a wand of confusion (34/48)
 Q - a wand of lightning (10/15)
 T - a wand of disintegration (15/24)
Scrolls
 b - a scroll of summoning
 j - 7 scrolls of remove curse
 p - 10 scrolls of identify
 u - 3 scrolls of enchant weapon
 v - 3 scrolls of enchant armour
 E - a scroll of brand weapon
 G - 3 scrolls of immolation
 S - 4 scrolls of recharging
Potions
 t - 3 potions of might
 z - a potion of cancellation
 B - 3 potions of flight
 C - a potion of agility
 F - a potion of berserk rage
 H - 2 potions of brilliance
 K - a potion of haste
 R - 8 potions of curing
Books
 q - a manual of Dodging
 P - the Collected Works on Curses
   (You found it on level 6 of the Lair of Beasts)

   Spells                             Type                      Level
   a - Confusing Touch                Hexes                        1
   b - Spectral Weapon                Hexes/Charms                 3
   c - Summon Guardian Golem          Hexes/Summoning              3
   d - Darkness                       Hexes                        6
   e - Invisibility                   Hexes                        6
   Trog disapproves of the use of such an item.
Comestibles
 c - 18 bread rations
 f - 31 fruits
 g - 16 royal jellies
 r - 6 meat rations


   Skills:
 * Level 12.9 Fighting
 * Level 13.7 Maces & Flails
 - Level 9.1 Throwing
 - Level 8.3 Armour
 * Level 11.5 Dodging


You had 14 spell levels left.
You didn't know any spells.

Dungeon Overview and Level Annotations

Branches:
Dungeon (15/15)            Temple (1/1) D:6            Lair (6/6) D:11
 Shoals (0/4) Lair:3       Spider (0/4) Lair:4        Slime (0/5) Lair:6
    Orc (0/2) D:11         Vaults (0/5) D:13
 Depths: D:15

Altars:
Ashenzari
Cheibriados
Dithmenos
Elyvilon
Fedhas
Gozag
Hepliaklqana
Kikubaaqudgha
Makhleb
Nemelex Xobeh
Okawaru
Qazlal
Ru
Sif Muna
Trog
Uskayaw
Vehumet
Xom
Yredelemnul
Zin
The Shining One

Shops:
D:4 }   D:6 [   D:11 %   D:14 (

Annotations:
D:9 Maurice
D:13 Player Ghost!, Dipster's ghost, journeyman TrAK


Innate Abilities, Weirdness & Mutations

You are too large for most types of armour.
You have claws for hands.
Your metabolism is lightning-fast.
You like to eat raw meat.
Your natural rate of healing is unusually fast.
You are covered in fur. (AC +1)
You have very tough skin. (AC +2)
You are partially covered in yellow scales. (AC +2)
Your magical capacity is low. (-10% MP)
You are weak. (Str -2)
Potions are less effective at restoring your health.
Your spells are a little easier to cast, but a little less powerful.


Message History

You block the tyrant leech's attack. The komodo dragon closely misses you.
The komodo dragon bites you!! You block the komodo dragon's attack.
You block the komodo dragon's attack. x2
You are fainting from starvation!
You block the tyrant leech's attack. The tyrant leech closely misses you.
You block the komodo dragon's attack. You block the komodo dragon's attack.
You lose consciousness!
The komodo dragon bites you! The tyrant leech bites you!
The tyrant leech draws strength from your injuries!
The komodo dragon bites you! The tyrant leech bites you!!
* * * LOW HITPOINT WARNING * * *
The tyrant leech draws strength from your injuries!
The komodo dragon bites you!!
* * * LOW HITPOINT WARNING * * *
The tyrant leech bites you but does no damage.
The komodo dragon bites you but does no damage.
The tyrant leech bites you!!
You die...

..........#...P♣♣.♣♣..##
..............♣♣.<♣♣#..#
#.####≈...P........##..#########
###≈..≈≈.≈.≈..≈....##..##.#.)..#
....≈P≈≈≈≈P........≈.../.....###
≈≈≈≈≈≈≈≈≈≈≈≈≈≈....PPP≈...P.....#
≈≈P≈≈≈≈#≈≈≈≈≈≈P≈.......#........
≈≈≈≈≈≈≈###≈≈≈≈w†≈≈≈P...#.#....##
.≈≈≈P≈≈###P≈P≈≈l@≈≈≈≈..≈####...#
P≈≈≈≈####≈≈≈≈≈≈≈≈≈≈≈≈#### ##.###
≈≈≈P≈≈≈≈#≈≈≈≈≈≈≈P.####≈≈.
##...##
≈≈≈≈≈≈≈≈≈≈≈≈÷.P#######≈≈.
#P..... ≈≈≈≈≈≈..P≈######
#≈≈≈≈≈≈####..##
≈≈≈≈≈.≈≈≈≈≈≈####≈
≈≈≈.≈≈.≈....###
≈≈≈≈.≈≈P|?/≈≈.≈≈≈ ≈≈≈≈≈≈.....#♣
≈≈≈≈≈≈≈(}$(≈P≈≈≈≈ ≈≈≈≈≈≈....##
P≈≈≈.≈≈.(}≈P.P≈≈≈ ≈≈≈≈≈....##


You could see a tyrant leech and a komodo dragon.

Vanquished Creatures
  Gastronok (Lair:3)
  2 entropy weavers (Lair:6)
  8 vault guards (D:13)
  4 hydras
  4 centaur warriors
  Erica (D:8)
  A queen ant (Lair:6)
  10 two-headed ogres
  5 death yaks
  A death knight (D:13)
  2 tengu warriors (D:13)
  Urug (Lair:5)
  An unseen horror (D:13)
  The ghost of sploonz the Cudgeler, a novice HOMo of Makhleb (D:5)
  10 ugly things
  An orc knight (Bailey)
  A salamander (Volcano)
  A deep elf mage (D:8)
  4 cyclopes
  2 manticores
  An elephant (D:11)
  2 centaur zombies
  Joseph (D:8)
  Psyche (D:8)
  4 gargoyles
  A black mamba (Lair:3)
  20 spiny frogs
  A rime drake (Lair:5)
  6 komodo dragons
  A freezing wraith (D:13)
  2 tengu conjurers (D:13)
  2 kobold demonologists (D:13)
  2 meliai (D:14)
  9 trolls
  2 polar bears (Lair:6)
  4 slime creatures
  16 blink frogs (Lair:6)
  2 tyrant leeches (Lair:6)
  8 hippogriffs
  6 wraiths
  2 wyverns
  A centaur simulacrum (D:14)
  2 shadows
  34 yaks
  4 hogs (D:7)
  Eustachio (D:4)
  Grum (D:9)
  4 basilisks
  5 hungry ghosts
  A human (D:7)
  3 fire bats (Volcano)
  21 vampire mosquitoes
  5 soldier ants
  An acid dragon (D:14)
  10 water moccasins
  2 hell hounds (Lair:1)
  6 porcupines
  3 orc warriors
  2 black bears
  13 ogres
  4 sky beasts
  2 necrophages
  A phantom (D:8)
  16 wolves
  15 centaurs
  9 crocodiles
  4 big kobolds
  33 bullfrogs
  A gnoll sergeant (D:8)
  A wyvern skeleton (D:14)
  2 scorpions
  A water moccasin skeleton (D:4)
  5 killer bees
  2 howler monkeys
  An electric eel (Lair:6)
  2 crimson imps (D:8)
  A bullfrog zombie (D:13)
  A quasit (D:11)
  8 orc priests
  7 hounds
  3 bullfrog skeletons
  2 centaur skeletons
  An iguana (D:8)
  Jessica (D:2)
  16 orc wizards
  27 worker ants
  3 hound skeletons
  A worker ant zombie (D:11)
  Robin (D:2)
  A howler monkey zombie (D:7)
  8 gnolls
  12 adders
  5 shadow imps
  2 adder zombies
  An adder skeleton (D:6)
  A dart slug (D:1)
  45 orcs
  4 giant cockroaches
  13 goblins
  12 hobgoblins
  7 jackals
  6 quokkas
  2 ball pythons (D:3)
  A ball python skeleton (D:3)
  7 bats
  4 frilled lizards
  23 kobolds
  A quokka skeleton (D:4)
  10 rats
  A fungus (Lair:5)
  A plant (Lair:6)
611 creatures vanquished.

Vanquished Creatures (collateral kills)
  A hydra (D:13)
  A death knight (D:11)
  A death yak (D:11)
  Sonja (D:10)
  An orc knight (Bailey)
  A meliai (D:14)
  A tyrant leech (Lair:6)
  2 slime creatures (D:11)
  A wyvern (Lair:6)
  A basilisk (D:11)
  A soldier ant (Lair:6)
  A big kobold (D:11)
  A howler monkey (D:10)
  2 worker ants
  An iguana (D:11)
  A kobold (D:11)
18 creatures vanquished.

Vanquished Creatures (others)
  The ghost of loopi the Frost Mage, a journeyman DrWn of Sif Muna (Lair:3)
  A sky beast (D:14)
  2 wolves (Lair:3)
  A centaur (Volcano)
  A worker ant (Lair:6)
  2 bushes (Lair:6)
  26 fungi
  76 plants (Lair:6)
110 creatures vanquished.

Grand Total: 739 creatures vanquished

Notes
Turn   | Place    | Note
-------+----------+-------------------------------------------
     0 | D:1      | Jail the Troll Berserker began the quest for the Orb.
     0 | D:1      | Reached XP level 1. HP: 22/22 MP: 0/0
   103 | D:1      | Reached XP level 2. HP: 22/29 MP: 1/1
   211 | D:1      | Reached skill level 3 in Maces & Flails
   365 | D:1      | Reached XP level 3. HP: 34/36 MP: 2/2
   859 | D:2      | Noticed Jessica
   868 | D:2      | Killed Jessica
   919 | D:2      | Reached XP level 4. HP: 23/45 MP: 3/3
  1030 | D:2      | Noticed Robin
  1043 | D:2      | Killed Robin
  1055 | D:2      | Reached ** piety under Trog
  1448 | D:3      | Noticed a bullfrog
  1459 | D:3      | Killed a bullfrog
  1459 | D:3      | Reached XP level 5. HP: 26/53 MP: 4/4
  1898 | D:4      | Reached skill level 4 in Maces & Flails
  2026 | D:4      | Found Tiesa's Gadget Shoppe.
  2058 | D:4      | Reached XP level 6. HP: 48/62 MP: 5/5
  2075 | D:4      | Noticed Eustachio
  2093 | D:4      | Killed Eustachio
  2448 | D:4      | Reached XP level 7. HP: 71/71 MP: 6/6
  2469 | D:4      | Gained mutation: You occasionally shout uncontrollably at your foes. [potion of mutation]
  2469 | D:4      | Gained mutation: Your flesh is cold resistant. (rC+) [potion of mutation]
  2469 | D:4      | Gained mutation: You have large cloven feet. [potion of mutation]
  2469 | D:4      | Gained mutation: You have very sharp teeth. [potion of mutation]
  2581 | D:5      | Entered Level 5 of the Dungeon
  2589 | D:5      | Reached skill level 5 in Maces & Flails
  2649 | D:5      | Noticed sploonz's ghost (novice HOMo)
  2660 | D:5      | Killed sploonz's ghost
  2660 | D:5      | Reached skill level 5 in Fighting
  2660 | D:5      | Reached skill level 5 in Dodging
  2660 | D:5      | Reached XP level 8. HP: 80/80 MP: 7/7
  2847 | D:5      | Found a sparkling altar of Nemelex Xobeh.
  2913 | D:5      | Reached *** piety under Trog
  3015 | D:5      | Found a sparkling altar of Nemelex Xobeh.
  3212 | D:5      | Reached skill level 6 in Maces & Flails
  3425 | D:6      | Found Guku Fuh's Antique Armour Shoppe.
  3432 | D:6      | Bought a runed robe for 92 gold pieces
  3584 | D:6      | Found an opulent altar of Gozag.
  3792 | D:6      | Found a staircase to the Ecumenical Temple.
  3799 | Temple   | Entered the Ecumenical Temple
  4524 | D:7      | Noticed a hippogriff
  4535 | D:7      | Killed a hippogriff
  4535 | D:7      | Reached XP level 9. HP: 85/89 MP: 8/8
  4698 | D:7      | Reached skill level 7 in Maces & Flails
  5511 | D:7      | Identified a scroll of acquirement
  5779 | D:8      | Noticed Joseph
  5808 | D:8      | Reached skill level 8 in Maces & Flails
  5817 | D:8      | Killed Joseph
  5819 | D:8      | Reached XP level 10. HP: 81/101 MP: 9/9
  5976 | D:8      | Reached **** piety under Trog
  6051 | D:8      | Noticed a deep elf mage
  6081 | D:8      | Killed a deep elf mage
  6312 | D:8      | Noticed a two-headed ogre
  6326 | D:8      | Killed a two-headed ogre
  6326 | D:8      | Reached skill level 1 in Armour
  6494 | D:8      | Noticed Psyche
  6503 | D:8      | Killed Psyche
  6622 | D:8      | Noticed Erica
  6634 | D:8      | Killed Erica
  6634 | D:8      | Reached skill level 9 in Maces & Flails
  7421 | D:9      | Noticed a two-headed ogre
  7433 | D:9      | Killed a two-headed ogre
  7513 | D:9      | Lost mutation: You occasionally shout uncontrollably at your foes. [potion of mutation]
  7513 | D:9      | Lost mutation: Your flesh is cold resistant. (rC+) [potion of mutation]
  7513 | D:9      | Lost mutation: You have large cloven feet. [potion of mutation]
  7513 | D:9      | Gained mutation: You have an increased reservoir of magic. (+10% MP) [potion of mutation]
  7513 | D:9      | Gained mutation: Your spells are a little harder to cast, but a little more powerful. [potion of mutation]
  7577 | D:9      | Noticed Grum
  7600 | D:9      | Reached XP level 11. HP: 46/112 MP: 11/11
  7622 | D:9      | Killed Grum
  7622 | D:9      | Reached skill level 1 in Throwing
  7795 | D:9      | Noticed Maurice
  7811 | D:9      | Paralysed by something for 4 turns
  7830 | D:9      | Paralysed by something for 7 turns
  8065 | D:10     | Entered Level 10 of the Dungeon
  8160 | D:10     | Lost mutation: Your spells are a little harder to cast, but a little more powerful. [potion of mutation]
  8160 | D:10     | Lost mutation: You have an increased reservoir of magic. (+10% MP) [potion of mutation]
  8160 | D:10     | Lost mutation: You have very sharp teeth. [potion of mutation]
  8160 | D:10     | Gained mutation: You passively map a small area around you. [potion of mutation]
  8160 | D:10     | Gained mutation: You have a somewhat thin skeletal structure. (Dex +2, Stealth) [potion of mutation]
  8160 | D:10     | Gained mutation: You are weak. (Str -2) [potion of mutation]
  8160 | D:10     | Gained mutation: Your mind is acute. (Int +2) [potion of mutation]
  8499 | D:10     | Found a snail-covered altar of Cheibriados.
  8529 | D:10     | Reached ***** piety under Trog
  8549 | D:10     | Noticed Sonja
  9136 | D:10     | Killed Sonja
  9136 | D:10     | Received a gift from Trog
  9140 | D:10     | Lost mutation: You have a somewhat thin skeletal structure. (Dex +2, Stealth) [potion of mutation]
  9140 | D:10     | Lost mutation: You are weak. (Str -2) [potion of mutation]
  9140 | D:10     | Lost mutation: Your mind is acute. (Int +2) [potion of mutation]
  9140 | D:10     | Lost mutation: You passively map a small area around you. [potion of mutation]
  9140 | D:10     | Gained mutation: Your spells are a little easier to cast, but a little less powerful. [potion of mutation]
  9140 | D:10     | Gained mutation: Your muscles are strong. (Str +2) [potion of mutation]
  9630 | D:10     | Lost intelligence.
  9716 | D:11     | Gained mutation: Your spells are easier to cast, but less powerful. [mutagenic meat]
  9717 | D:11     | Gained mutation: You are partially covered in yellow scales. (AC +2) [mutagenic meat]
  9719 | D:11     | Lost mutation: Your muscles are strong. (Str +2) [mutagenic meat]
  9720 | D:11     | Gained mutation: Your magical capacity is low. (-10% MP) [mutagenic meat]
  9721 | D:11     | Gained mutation: Potions are less effective at restoring your health. [mutagenic meat]
  9806 | D:11     | Noticed a death knight
  9812 | D:11     | Killed a death knight
  9863 | D:11     | Reached skill level 10 in Maces & Flails
 10039 | D:11     | Found a staircase to the Orcish Mines.
 10061 | D:11     | Found Ynin's Food Boutique.
 10457 | D:11     | Found a staircase to the Lair.
 10457 | D:11     | Noticed a death yak
 10485 | D:11     | Killed a death yak
 11017 | D:12     | Noticed a two-headed ogre
 11093 | D:12     | Killed a two-headed ogre
 11170 | D:12     | Received a gift from Trog
 11187 | D:12     | Reached XP level 12. HP: 103/126 MP: 9/9
 11228 | D:12     | Noticed a two-headed ogre
 11232 | D:12     | Found a flagged portal.
 11244 | D:12     | Killed a two-headed ogre
 11303 | Bailey   | Entered a bailey
 11619 | Bailey   | Reached skill level 5 in Throwing
 11781 | Bailey   | Reached skill level 10 in Fighting
 11781 | Bailey   | Reached skill level 5 in Armour
 11977 | D:12     | Gained mutation: You are weak. (Str -2) [mutagenic meat]
 11978 | D:12     | Lost mutation: Your spells are easier to cast, but less powerful. [mutagenic meat]
 12616 | D:12     | Reached skill level 11 in Maces & Flails
 12767 | D:13     | Received a gift from Trog
 12815 | D:13     | Noticed a two-headed ogre
 12822 | D:13     | Killed a two-headed ogre
 12936 | D:13     | Noticed Dipster's ghost (journeyman TrAK)
 13296 | D:13     | Noticed a death knight
 13356 | D:13     | Killed a death knight
 13676 | D:13     | Noticed a centaur warrior
 13691 | D:13     | Killed a centaur warrior
 13922 | D:13     | Noticed a vault guard
 13922 | D:13     | Noticed a vault guard
 13922 | D:13     | Noticed a vault guard
 13923 | D:13     | Noticed a vault guard
 13923 | D:13     | Noticed a vault guard
 13960 | D:13     | Killed a vault guard
 13972 | D:13     | Reached XP level 13. HP: 110/135 MP: 10/10
 14278 | D:13     | Found a gate to the Vaults.
 15248 | D:13     | Reached skill level 12 in Maces & Flails
 15693 | D:14     | Found Moxigh's Antique Weapon Shoppe.
 16401 | D:14     | Found a portal to a secret trove of treasure.
 16576 | Trove    | Entered a treasure trove
 16671 | Trove    | Got a pitted pewter amulet
 16675 | Trove    | Identified the amulet "Cieggur" {Inacc Dex+2} (You found it in a treasure trove)
 16914 | D:15     | Entered Level 15 of the Dungeon
 17248 | Lair:1   | Entered Level 1 of the Lair of Beasts
 17338 | Lair:1   | Found a dark tunnel.
 17451 | Volcano  | Entered a volcano
 17471 | Volcano  | Reached XP level 14. HP: 146/146 MP: 11/11
 17817 | Lair:1   | Reached * piety under Trog
 19410 | Lair:3   | Noticed loopi's ghost (journeyman DrWn)
 19841 | Lair:3   | Killed loopi's ghost
 20076 | Lair:3   | Found a staircase to the Shoals.
 20282 | Lair:3   | Noticed Gastronok
 20291 | Lair:3   | Killed Gastronok
 21436 | Lair:4   | Reached skill level 13 in Maces & Flails
 21765 | Lair:4   | Found a hole to the Spider Nest.
 22353 | Lair:5   | Got a warped robe
 22355 | Lair:5   | Identified the +1 robe of Anaesthesia {rN+ Str+2 Stlth+} (You found it on level 5 of the Lair of Beasts)
 22658 | Lair:5   | Noticed Urug
 22665 | Lair:5   | Killed Urug
 22665 | Lair:5   | Reached skill level 10 in Dodging
 22865 | Lair:5   | Got an iridescent whip
 22866 | Lair:5   | Identified the cursed +1 whip of Indignation {freeze, Dex+7} (You found it on level 5 of the Lair of Beasts)
 23228 | Lair:6   | Entered Level 6 of the Lair of Beasts
 23666 | Lair:6   | Found a staircase to the Slime Pits.
 23703 | Lair:6   | Received a gift from Trog
 23884 | Lair:6   | Reached XP level 15. HP: 141/158 MP: 12/12
 24740 | Lair:6   | Received a gift from Trog
 24944 | Lair:6   | Noticed an azure jelly
 26133 | Lair:6   | Identified the Collected Works on Curses
 26268 | Lair:6   | Paralysed by fainting for 10 turns
 26271 | Lair:6   | Slain by a tyrant leech

Skill      XL: |  1  2  3  4  5  6  7  8  9 10 11 12 13 14 15 |
---------------+----------------------------------------------+-----
Maces & Flails | 3 4 5 6 8 9 10 11 12 13 | 13.7
Fighting       | 3 4 5 6 7 8 9 10 11 12 | 12.9
Dodging        | 3 4 5 6 7 8 10 11 | 11.5
Armour         | 2 4 6 8 |  8.3
Throwing       | 4 6 8 9 |  9.1

Action                   |  1- 3 |  4- 6 |  7- 9 | 10-12 | 13-15 || total
-------------------------+-------+-------+-------+-------+-------++-------
Melee: Mace              |    88 |    85 |       |       |       ||   173
       Whip              |       |    72 |   258 |  1364 |  2606 ||  4300
       Kick              |       |       |    98 |    45 |       ||   143
       Bite              |       |       |    29 |    29 |       ||    58
 Fire: Blowgun           |       |       |       |    27 |    27 ||    54
Throw: Tomahawk          |       |       |       |    24 |     3 ||    27
       Javelin           |       |       |       |    13 |     8 ||    21
       Large rock        |       |       |       |     2 |   147 ||   149
Invok: Berserk           |     2 |     2 |     6 |    20 |     8 ||    38
       Burn Spellbooks   |       |       |     2 |     1 |     3 ||     6
       Trog's Hand       |       |       |     1 |     7 |     5 ||    13
       Brothers in Arms  |       |       |       |     9 |     5 ||    14
Evoke: Wand              |       |       |       |     1 |       ||     1
  Use: Potion            |     1 |       |    10 |     8 |    11 ||    30
       Scroll            |       |       |    10 |     7 |    15 ||    32
 Stab: Sleeping          |       |       |       |     4 |     1 ||     5
       Distracted        |       |       |       |       |     1 ||     1
  Eat: Chunk             |    14 |    13 |    40 |    98 |    95 ||   260
       Bread ration      |       |       |       |     2 |       ||     2
       Meat ration       |       |       |       |     2 |       ||     2
       Royal jelly       |       |       |       |     1 |     4 ||     5
       Fruit             |       |       |       |       |    12 ||    12
Armor: Animal skin       |    24 |       |       |       |       ||    24
       Robe              |    27 |    54 |    47 |     9 |       ||   137
       Troll leather arm |       |       |       |   234 |    59 ||   293
       Skin              |       |       |       |     9 |       ||     9
       Acid dragon scale |       |       |       |       |   336 ||   336
Dodge: Dodged            |    79 |   108 |    87 |   167 |   327 ||   768
Block: Large shield      |       |       |    77 |  1296 |  2065 ||  3438
